 Dungeon Crawl Stone Soup version 0.19.0-18-g426998a (webtiles) character file.

5796 dracos369 the Spear-Bearer (level 10, -11/80 HPs)
             Began as a Merfolk Abyssal Knight on Nov 11, 2016.
             Was an Elder of Lugonu.
             Mangled by a six-headed hydra (15 damage)
             ... on level 1 of the Lair of Beasts.
             The game lasted 00:55:48 (11502 turns).

dracos369 the Spear-Bearer (MfAK)                  Turns: 11502, Time: 00:55:49

Health: -11/80     AC:  7    Str: 15    XL:     10   Next: 79%
Magic:  2/17       EV: 13    Int: 12    God:    Lugonu [****..]
Gold:   276        SH:  0    Dex: 14    Spells: 0 memorised, 9 levels left

rFire  . . .     SeeInvis .     a - +0 halberd
rCold  . . .     Gourm    .     v - +0 leather armour {rPois}
rNeg   . . .     Faith    .     (shield currently unavailable)
rPois  +         Spirit   .     s - +1 helmet
rElec  .         Reflect  .     g - +1 cloak
rCorr  .         Harm     .     (no gloves)
MR     .....                    (no boots)
Stlth  +.........               (no amulet)
                                S - ring of wizardry
                                I - ring of flight

@: starving
A: change form in water, swift swim, stealthy swim
a: Depart the Abyss, Bend Space, Banish, Corrupt, Renounce Religion, Evoke
Flight


You were on level 1 of the Lair of Beasts.
You worshipped Lugonu.
Lugonu was greatly pleased with you.
You were starving.

You visited 3 branches of the dungeon, and saw 12 of its levels.
You visited the Abyss 1 time.
You also visited: Sewer.

You collected 472 gold pieces.
You spent 196 gold pieces at shops.

Inventory:

Hand Weapons
 a - a +0 halberd (weapon)
 b - a +1 blowgun
 J - a +1 spear
Missiles
 l - 4 curare-tipped needles
 A - 14 poisoned needles
Armour
 g - a +1 cloak (worn)
 s - a +1 helmet (worn)
 v - a +0 leather armour of poison resistance (worn)
 K - a +3 plate armour
 P - a +0 troll leather armour
Jewellery
 I - a ring of flight (left hand)
 S - a ring of wizardry (right hand)
Wands
 d - a wand of flame (3/48)
 N - a wand of polymorph (7/24)
 Q - a wand of acid (9/15)
Scrolls
 f - 10 scrolls of remove curse
 i - a scroll of enchant weapon
 n - a scroll of enchant armour
 p - a scroll of teleportation
 x - 7 scrolls of identify
 y - 2 scrolls of recharging {unknown}
 z - 2 scrolls of fog {unknown}
 D - a scroll of amnesia
 E - a scroll of vulnerability {unknown}
 L - 2 scrolls of noise {unknown}
 M - a scroll of blinking
 R - a scroll of random uselessness {unknown}
 T - a scroll of magic mapping {unknown}
Potions
 e - 3 potions of heal wounds
 h - a potion of mutation
 k - 2 potions of brilliance
 m - 2 potions of might
 o - 3 potions of agility
 q - 4 potions of magic
 w - 3 potions of haste
 B - a potion of degeneration {unknown}
 C - a potion of invisibility {unknown}
 F - 10 potions of curing
 G - a potion of lignification
 H - 4 potions of cancellation
Comestibles
 c - 6 bread rations
 j - 3 beef jerkies
 r - 5 fruits
 t - 2 meat rations
 u - 6 chunks of flesh


   Skills:
 + Level 8.2 Fighting
 + Level 12.6 Polearms
 - Level 6.0 Throwing
 + Level 2.5 Armour
 - Level 3.1 Dodging
 + Level 9.6 Invocations


You had 9 spell levels left.
You didn't know any spells.

Dungeon Overview and Level Annotations

Branches:
Dungeon (10/15)            Temple (1/1) D:4            Lair (1/6) D:9
    Orc: D:9-12

Altars:
Ashenzari
Cheibriados
Dithmenos
Elyvilon
Fedhas
Gozag
Hepliaklqana
Kikubaaqudgha
Makhleb
Nemelex Xobeh
Okawaru
Qazlal
Ru
Sif Muna
Trog
Uskayaw
Vehumet
Xom
Yredelemnul
Zin
The Shining One

Shops:
D:6 !!   D:7 (   D:9 :

Annotations:
D:10 exclusions: ice statue and obsidian statue
Lair:1 Joseph
Abyss:1 Pikel


Message History

You feel quite a bit more hungry.
You are starving!
The bullfrog barely misses you. The bullfrog closely misses you.
You're too hungry.
You feel much better. The bullfrog hits you! The six-headed hydra bites you. x2
The six-headed hydra barely misses you. x2; The six-headed hydra bites you!
* * * LOW HITPOINT WARNING * * *
The six-headed hydra barely misses you. The bullfrog closely misses you.
Eat one of 6 chunks of flesh? (ye/n/q)
You start eating one of the 6 chunks of flesh.
The bullfrog hits you.
* * * LOW HITPOINT WARNING * * *
The six-headed hydra closely misses you. x2
The six-headed hydra barely misses you.
The six-headed hydra bites you but does no damage.
The six-headed hydra bites you!
* * * LOW HITPOINT WARNING * * *
The six-headed hydra bites you!
You die...

#......................
#P.....................
##.....................
##....................
##...............#...
##.##............##..
#...#.##......... ..
#.>....##.....
#...@D...#..## #
##..#F....##.#.##
##.#............
###..##....⌠...
##..##.......
##....⌠.D.⌠.
#.##....... ##..(..⌠...
.........


You could see a six-headed hydra and a bullfrog.

Vanquished Creatures
  A hill giant (D:10)
  A spiny frog (Lair:1)
  A troll (D:10)
  A wraith (D:10)
  4 yaks
  2 wyverns
  Sigmund (D:2)
  Eustachio (D:5)
  A steam dragon (D:8)
  A water moccasin (Lair:1)
  An orc warrior (D:6)
  A black bear (D:9)
  A necrophage (D:10)
  2 sky beasts
  2 ogres
  3 slaves (D:9)
  2 centaurs (D:7)
  2 crocodiles (Lair:1)
  5 bullfrogs
  4 wights (D:10)
  A howler monkey (D:7)
  7 hounds
  A bullfrog skeleton (D:4)
  A jelly (D:6)
  Jessica (D:4)
  An iguana (D:4)
  12 worker ants
  9 orc wizards
  A hound skeleton (D:4)
  Robin (D:2)
  3 gnolls
  18 adders
  2 shadow imps
  An ooze (D:4)
  An adder skeleton (D:9)
  2 worms
  5 dart slugs
  8 leopard geckos
  30 orcs
  4 giant cockroaches
  2 gnoll zombies (D:2)
  10 hobgoblins
  13 jackals
  2 quokkas
  4 ball pythons
  9 bats
  7 frilled lizards
  18 goblins
  22 kobolds
  2 leopard gecko skeletons
  A quokka skeleton (D:6)
  12 rats
248 creatures vanquished.

Vanquished Creatures (others)
  A black mamba (Lair:1)
  A wyvern (D:4)
  An ice beast (D:5)
  A slave (D:9)
  An orc wizard (D:4)
  4 fungi (D:9)
9 creatures vanquished.

Grand Total: 257 creatures vanquished

Notes
Turn   | Place    | Note
-------+----------+-------------------------------------------
     0 | Abyss:1  | dracos369 the Merfolk Abyssal Knight began the quest for the Orb.
     0 | Abyss:1  | Reached XP level 1. HP: 18/18 MP: 2/2
     9 | D:1      | Escaped the Abyss
   160 | D:1      | Reached skill level 4 in Polearms
   160 | D:1      | Reached XP level 2. HP: 15/24 MP: 3/3
   230 | D:1      | Reached ** piety under Lugonu
   243 | D:1      | Reached skill level 5 in Polearms
   243 | D:1      | Reached XP level 3. HP: 17/29 MP: 4/4
   416 | D:2      | Noticed Jessica
   710 | D:2      | Reached skill level 6 in Polearms
   712 | D:2      | Noticed Sigmund
   862 | D:3      | Reached XP level 4. HP: 33/35 MP: 5/5
   911 | D:3      | Found a shimmering altar of Xom.
  1242 | D:2      | Found a basalt altar of Yredelemnul.
  1599 | D:2      | Noticed Robin
  1622 | D:2      | Reached *** piety under Lugonu
  1657 | D:2      | Killed Robin
  1716 | D:2      | Reached XP level 5. HP: 13/41 MP: 7/7
  2055 | D:2      | Reached skill level 7 in Polearms
  2937 | D:4      | Noticed a wyvern
  2940 | D:4      | Banished a wyvern
  2940 | D:4      | Reached XP level 6. HP: 29/47 MP: 7/9
  3059 | D:4      | Found a glowing drain.
  3064 | Sewer    | Entered a sewer
  3176 | Sewer    | Reached **** piety under Lugonu
  3206 | Sewer    | Reached skill level 8 in Polearms
  3823 | D:4      | Reached skill level 5 in Invocations
  3823 | D:4      | Reached XP level 7. HP: 50/52 MP: 10/10
  4071 | D:4      | Found a staircase to the Ecumenical Temple.
  4286 | D:4      | Reached skill level 9 in Polearms
  4405 | D:4      | Killed Jessica
  4616 | D:4      | Found a shattered altar of Ashenzari.
  4790 | D:5      | Entered Level 5 of the Dungeon
  4893 | D:5      | Noticed Eustachio
  5048 | Temple   | Entered the Ecumenical Temple
  5466 | D:5      | Killed Eustachio
  5466 | D:5      | Reached skill level 1 in Throwing
  5687 | D:5      | Reached XP level 8. HP: 37/60 MP: 12/12
  6121 | D:2      | Found a basalt altar of Yredelemnul.
  6442 | D:2      | Killed Sigmund
  6634 | D:6      | Found a white marble altar of Elyvilon.
  6654 | D:6      | Found Datiemyp's Distillery.
  6662 | D:6      | Bought a potion of curing for 42 gold pieces
  6662 | D:6      | Bought a potion of lignification for 42 gold pieces
  6662 | D:6      | Bought a potion of cancellation for 112 gold pieces
  6682 | D:6      | Reached skill level 10 in Polearms
  6923 | D:6      | Found Buwkey Hoyp's Distillery.
  7552 | D:7      | Reached skill level 5 in Fighting
  7552 | D:7      | Reached skill level 1 in Armour
  7650 | D:7      | Found a shadowy altar of Dithmenos.
  7729 | D:7      | Reached XP level 9. HP: 57/68 MP: 14/14
  7795 | D:7      | Found Sugh's Weapon Shop.
  8647 | D:8      | Reached ***** piety under Lugonu
  8665 | D:8      | HP: 3/69 [orc warrior/halberd (8)]
  9066 | D:8      | Found a hide-covered altar of Uskayaw.
  9075 | D:8      | Found a snail-covered altar of Cheibriados.
  9078 | D:8      | Found a blossoming altar of Fedhas.
  9080 | D:8      | Found an iron altar of Okawaru.
  9080 | D:8      | Found a burning altar of Makhleb.
  9171 | D:10     | Entered Level 10 of the Dungeon
  9192 | D:10     | Reached skill level 11 in Polearms
  9215 | D:10     | Reached skill level 5 in Throwing
  9311 | D:10     | Noticed a hill giant
  9345 | D:10     | Killed a hill giant
  9345 | D:10     | Reached XP level 10. HP: 67/79 MP: 16/16
  9915 | D:10     | Noticed an obsidian statue
  9915 | D:10     | Noticed an ice statue
  9920 | D:10     | Noticed a sixfirhy
  9979 | D:9      | Found a staircase to the Lair.
 10033 | D:9      | Found Liohaz's Book Emporium.
 10058 | D:9      | Reached skill level 12 in Polearms
 10673 | D:9      | Noticed Pikel
 10689 | D:9      | Banished Pikel
 10990 | Lair:1   | Entered Level 1 of the Lair of Beasts
 11019 | Lair:1   | Noticed a spiny frog
 11033 | Lair:1   | Killed a spiny frog
 11300 | Lair:1   | Noticed Joseph
 11403 | Lair:1   | Noticed a black mamba
 11410 | Lair:1   | Banished a black mamba
 11490 | Lair:1   | Noticed a six-headed hydra
 11502 | Lair:1   | HP: 4/80 [six-headed hydra (10)]
 11502 | Lair:1   | Mangled by a six-headed hydra

Skill      XL: |  1  2  3  4  5  6  7  8  9 10 |
---------------+-------------------------------+-----
Polearms       | 4 5 6 7 8 9 10 11 12 | 12.6
Invocations    | 4 5 6 7 8 9 |  9.6
Throwing       | 1 3 5 6 |  6.0
Fighting       | 5 7 8 |  8.2
Dodging        | 3 |  3.1
Armour         | 1 2 |  2.5

Action                   |  1- 3 |  4- 6 |  7- 9 | 10-12 || total
-------------------------+-------+-------+-------+-------++-------
Melee: Spear             |   136 |   346 |   304 |       ||   786
       Tailslap          |       |    14 |     3 |     1 ||    18
       Halberd           |       |       |   275 |   220 ||   495
 Fire: Blowgun           |       |       |    49 |    26 ||    75
Invok: Banish            |       |     1 |     2 |     6 ||     9
Evoke: Wand              |       |       |     5 |     2 ||     7
  Use: Potion            |       |     1 |     4 |     1 ||     6
       Scroll            |       |    10 |     1 |     2 ||    13
 Stab: Sleeping          |     1 |     2 |     2 |       ||     5
       Distracted        |       |     1 |       |     2 ||     3
  Eat: Chunk             |       |     9 |    17 |     6 ||    32
       Pizza             |       |       |     1 |     1 ||     2
Armor: Leather armour    |    35 |    49 |    59 |     4 ||   147
       Plate armour      |       |       |   178 |   119 ||   297
       Troll leather arm |       |       |       |     2 ||     2
Dodge: Dodged            |    72 |   145 |   172 |    65 ||   454
